 Dungeon Crawl Stone Soup version 0.26.1-11-gd32895ea62 (webtiles) character file.

Game seed: 13237505622847667880

199248 quackenbush666 the Peltast (level 18, 0/182 HPs)
             Began as a Demonspawn Gladiator on July 18, 2021.
             Was the Champion of Cheibriados.
             Splashed by a goliath frog's acid (9 damage)
             ... called by a spriggan druid
             ... on level 1 of the Swamp.
             The game lasted 00:58:47 (34217 turns).

quackenbush666 the Peltast (Demonspawn Gladiator)  Turns: 34217, Time: 00:58:47

Health: 0/182      AC: 30    Str: 30    XL:     18   Next: 23%
Magic:  20/28      EV: 30    Int: 32    God:    Cheibriados [******]
Gold:   1465       SH: 17    Dex: 30    Spells: 21/31 levels left

rFire    . . .     SeeInvis +     - Unarmed
rCold    + . .     Faith    .   O - +0 kite shield {rC+}
rNeg     + . .     Spirit   .   (armour currently unavailable)
rPois    ∞         Reflect  .   P - +0 hat of the Lich-sworn {Regen+ SInv} (curse)
rElec    +         Harm     .   q - +2 cloak {Will+}
rCorr    .         Rampage  .   (gloves currently unavailable)
Will     ++...                  (boots unavailable)
Stlth    ++++......             H - amulet of magic regeneration
HPRegen  0.80/turn              A - +4 ring of slaying
MPRegen  0.46/turn              F - +4 ring of slaying

@: mighty, agile, statue-form, very slow
A: antennae 2, claws 2, talons 3, deformed body, powered by pain 2, spiny 2
a: End Transformation, Renounce Religion, Bend Time, Temporal Distortion,
Slouch, Step From Time


You were on level 1 of the Swamp.
You worshipped Cheibriados.
Cheibriados was exalted by your worship.
You were a stone statue.
You visited 6 branches of the dungeon, and saw 28 of its levels.
You also visited: Bailey and Volcano.

You collected 4187 gold pieces.
You spent 2722 gold pieces at shops.

Inventory:

Hand Weapons
 r - a +2 dagger of electrocution
Missiles
 d - 2 throwing nets
 j - 62 poisoned darts (quivered)
 K - 5 curare-tipped darts
 Q - 6 javelins
Armour
 q - a +2 cloak of willpower (worn)
 J - a +4 troll leather armour (melded)
 O - a +0 kite shield of cold resistance (worn)
 P - the cursed +0 hat of the Lich-sworn (worn) {Regen+ SInv}
   (You found it on level 1 of the Orcish Mines)

   It lets you see invisible.
   It increases your rate of regeneration.
   It has a curse placed upon it.
 S - a +2 cloak of fire resistance
Jewellery
 i - an uncursed amulet of reflection
 p - an uncursed ring of resist corrosion
 A - a +4 ring of slaying (left claw)
 D - an uncursed ring of protection from cold
 F - a +4 ring of slaying (right claw)
 H - an amulet of magic regeneration (around neck)
 V - a +6 ring of intelligence
Wands
 b - a wand of acid (1)
 e - a wand of flame (37)
 g - a wand of paralysis (21)
 o - a wand of enslavement (13)
 s - a wand of polymorph (16)
 T - a wand of iceblast (7)
Scrolls
 a - a scroll of summoning
 v - 2 scrolls of immolation
 w - 8 scrolls of fog
 x - 12 scrolls of teleportation
 y - 13 scrolls of remove curse
 I - 9 scrolls of blinking
 L - a scroll of enchant armour
 M - 2 scrolls of enchant weapon
 N - 6 scrolls of amnesia
 U - 2 scrolls of magic mapping
 W - 11 scrolls of identify
 X - a scroll of vulnerability
 Y - 4 scrolls of fear
Potions
 f - 2 potions of cancellation
 h - 12 potions of curing
 k - 3 potions of attraction
 l - 6 potions of brilliance
 n - 5 potions of flight
 t - 14 potions of ambrosia
 u - 2 potions of magic
 z - 2 potions of mutation
 B - a potion of invisibility
 C - 9 potions of might
 E - 7 potions of lignification
 G - 3 potions of heal wounds
 R - a potion of resistance
Miscellaneous
 c - a condenser vane
 m - a tin of tremorstones (2/2)
 Z - a phantom mirror


   Skills:
 + Level 12.0 Fighting
 - Level 2.8 Long Blades
 - Level 6.2 Throwing
 + Level 11.0 Dodging
 - Level 5.0 Stealth
 - Level 15.0 Shields
 + Level 12.9 Unarmed Combat
 - Level 7.0 Spellcasting
 - Level 2.0 Translocations
 + Level 9.2 Transmutations
 + Level 9.1 Earth Magic
 - Level 13.0 Invocations
 - Level 9.0 Evocations


You had 21 spell levels left.
You knew the following spells:

 Your Spells              Type           Power        Failure   Level
a - Statue Form           Tmut/Erth      42%          14%         6
b - Passwall              Tmut/Erth      52%          1%          2
c - Blink                 Tloc           N/A          2%          2

Your spell library contained the following spells:

 Spells                   Type           Power        Failure   Level
 Sandblast                Erth           100%         1%          1
 Stone Arrow              Conj/Erth      80%          1%          3
 Petrify                  Tmut/Erth      63%          1%          4
 Lee's Rapid Deconstruct  Erth           31%          2%          5
 Corona                   Hex            12%          4%          1
 Foxfire                  Conj/Fire      44%          4%          1
 Magic Dart               Conj           44%          4%          1
 Shock                    Conj/Air       44%          4%          1
 Call Imp                 Summ           11%          6%          2
 Ensorcelled Hibernation  Hex/Ice        22%          6%          2
 Slow                     Hex            11%          6%          2
 Sublimation of Blood     Necr           5%           6%          2
 Swiftness                Air            11%          6%          2
 Leda's Liquefaction      Hex/Erth       20%          6%          4
 Confusing Touch          Hex            11%          12%         3
 Conjure Flame            Conj/Fire      11%          12%         3
 Dazzling Flash           Conj/Hex       22%          12%         3
 Mephitic Cloud           Conj/Pois/Air  11%          12%         3
 Static Discharge         Conj/Air       11%          12%         3
 Tukima's Dance           Hex            11%          12%         3
 Yara's Violent Unravell  Hex/Tmut       20%          17%         5
 Bolt of Magma            Conj/Fire/Erth 15%          32%         5
 Airstrike                Air            5%           38%         4
 Animate Dead             Necr           5%           38%         4
 Cause Fear               Hex            5%           38%         4
 Summon Lightning Spire   Summ/Air       11%          38%         4
 Iron Shot                Conj/Erth      20%          67%         6
 Agony                    Necr           11%          75%         5
 Lightning Bolt           Conj/Air       5%           75%         5
 Silence                  Hex/Air        5%           75%         5
 Conjure Ball Lightning   Conj/Air       5%           99%         6
 Death Channel            Necr           5%           99%         6
 Discord                  Hex            5%           100%        8
 Ignition                 Fire           5%           100%        8
 Shatter                  Erth           31%          100%        9
 Tornado                  Air            5%           100%        9


Dungeon Overview and Level Annotations

Branches:
Dungeon (15/15)            Temple (1/1) D:6            Lair (6/6) D:10
  Swamp (1/4) Lair:3       Spider (0/4) Lair:4        Slime (0/5) Lair:5
    Orc (2/2) D:10            Elf (3/3) Orc:2        Bailey (visited)
Volcano (visited)
 Vaults: D:13-14     Depths: D:15

Altars:
Ashenzari
Cheibriados
Dithmenos
Elyvilon
Fedhas
Gozag
Hepliaklqana
Kikubaaqudgha
Makhleb
Nemelex Xobeh
Okawaru
Qazlal
Ru
Sif Muna
Trog
Uskayaw
Vehumet
Wu Jian
Xom
Yredelemnul
Zin
The Shining One
Jiyva

Shops:
D:5 *   D:6 ?   D:9 }*:   D:13 :   Orc:1 *[   Orc:2 [}(:   Elf:1 ?   Elf:3 [*

Annotations:
D:5 exclusions: moth of wrath and orc wizard
D:10 exclusion: orange crystal statue
D:11 exclusion: obsidian statue
D:13 diggie, 1 exclusion
Elf:2 2 runed translucent doors


Innate Abilities, Weirdness & Mutations

You have a pair of antennae on your head.
You have very sharp fingernails.
You have claws for feet.
You sometimes gain power by taking damage.
You are mostly covered in sharp spines.
Armour fits poorly on your strangely shaped body.


Message History

You block the eleionoma's attack.
A goliath frog comes into view.
You block the goliath frog's attack.
The eleionoma hurls a spray of splinters at you.
The spray of wooden splinters hits you but does no damage.
The eleionoma is struck by your spines. The eleionoma hits you!
* * * LOW HITPOINT WARNING * * *
The goliath frog hits you from afar!
* * * LOW HITPOINT WARNING * * *
You are splashed with acid!
* * * LOW HITPOINT WARNING * * *
Your magical contamination has completely faded away.
There is a staircase back to the Lair here.
You see here a tyrant leech corpse.
The goliath frog hits you from afar!
* * * LOW HITPOINT WARNING * * *
You focus on the pain.
You feel mightier all of a sudden.
You are splashed with acid!
You die...

♣.. ♣..
♣♣♣♣♣♣≈.
.♣≈≈♣≈♣≈♣♣
..≈..≈.§.♣♣
≈.≈..≈.≈..♣
≈.≈≈.F≈..♣
♣8♣ ♣R♣
≈≈≈..≈www♣
≈≈..≈..w♣♣
≈≈..≈..♣♣
≈.≈.≈.≈
.≈.....
≈.≈.≈.≈
../....


You could see an eleionoma, 3 tyrant leeches, a goliath frog and a swamp worm
(strong).

Vanquished Creatures
  3 deep elf blademasters (Elf:3)
  2 deep elf master archers (Elf:3)
  Kirke (Lair:5)
  An orc warlord (Orc:2)
  5 deep elf sorcerers (Elf:3)
  The ghost of Ekaitz the Destroyer, a journeyman DrCj of Vehumet (Lair:6)
  A deep elf elementalist (Elf:3)
  A stone giant (Orc:2)
  7 deep elf demonologists (Elf:3)
  5 dire elephants (Lair:6)
  8 deep elf annihilators (Elf:3)
  The ghost of Hypnoxylon the Fighter, a journeyman HOHu of the Shining One (Lair:1)
  4 deep elf death magi
  3 deep elf high priests (Elf:3)
  2 shambling mangroves (Lair:2)
  10 hydras
  Fannar (D:10)
  An ice dragon (D:14)
  4 boulder beetles
  Erica (D:11)
  A centaur warrior (D:14)
  16 two-headed ogres
  3 catoblepae
  An ogre mage (D:15)
  An anaconda (Lair:6)
  13 dancing weapons
  3 tengu warriors
  The ghost of nothank2 the Basher, a journeyman GrFi of Hepliaklqana (Lair:3)
  3 death yaks (Lair:6)
  5 orc high priests
  9 deep elf knights (Elf:3)
  Sonja (D:13)
  A spriggan druid (Swamp:1)
  3 unseen horrors
  14 deep elf archers
  Pikel (D:9)
  3 bog bodies (Lair:3)
  5 necromancers (Elf:1)
  2 lindwurms
  10 orc knights
  5 wizards (Volcano)
  A wolf spider zombie (D:13)
  14 ugly things
  2 oklob plants (Lair:2)
  7 orc sorcerers
  44 deep elf magi
  7 cyclopes
  2 manticores
  3 centaur zombies
  5 toenail golems (Volcano)
  9 elephants
  6 black mambas
  5 cane toads
  2 gargoyles
  2 torpor snails
  6 rime drakes
  A kobold demonologist (D:13)
  A small abomination (Elf:3)
  4 yaktaurs (D:13)
  An efreet (D:15)
  11 komodo dragons
  A tengu conjurer (D:14)
  4 large abominations
  6 polar bears
  A queen bee (D:14)
  A tyrant leech (Swamp:1)
  8 trolls
  Grinder (D:6)
  6 meliai
  7 hornets
  6 blink frogs (Lair:6)
  7 slime creatures (D:12)
  10 dream sheep (Lair:6)
  2 air elementals
  3 wraiths
  3 wyverns
  A hog (shapeshifter) (D:15)
  A shadow (D:12)
  A vampire (D:10)
  5 water elementals
  A spectral komodo dragon (Lair:1)
  3 fire elementals
  Grum (D:8)
  4 hogs (Lair:5)
  59 yaks
  3 basilisks
  4 humans (D:13)
  3 death yak simulacra (Lair:1)
  2 vampire mosquitoes (D:15)
  A swamp worm (Lair:3)
  6 wargs
  19 water moccasins
  3 acid dragons
  35 orc warriors
  3 black bears
  An eye of draining (D:10)
  3 ice beasts
  5 sky beasts
  A swamp drake (Orc:1)
  12 wolves
  13 ogres
  A necrophage (D:8)
  12 centaurs
  4 big kobolds
  15 bullfrogs
  3 elf zombies (Elf:1)
  2 earth elementals (Elf:3)
  A wyvern zombie (D:14)
  3 scorpions
  A water moccasin skeleton (D:6)
  38 killer bees
  12 wights
  5 electric eels
  7 howler monkeys
  5 crimson imps
  3 lava snakes (D:10)
  12 hounds
  A gnoll shaman (D:5)
  3 jellies
  11 orc priests
  6 bullfrog skeletons
  6 centaur skeletons
  An iron imp (Orc:1)
  6 iguanas
  25 orc wizards
  4 hell rats
  8 worker ants
  A hound skeleton (D:11)
  Robin (D:4)
  2 worker ant zombies
  A howler monkey skeleton (D:8)
  12 adders
  4 gnolls (D:5)
  2 river rats (D:6)
  4 shadow imps
  A white imp (Orc:1)
  2 ufetubi
  3 oozes
  An adder zombie (D:8)
  4 worms
  4 dart slugs
  6 leopard geckos
  104 orcs
  4 ball pythons
  13 giant cockroaches
  17 goblins
  13 hobgoblins
  11 jackals
  21 kobolds
  9 quokkas
  10 bats
  2 frilled lizards
  2 jackal zombies
  A leopard gecko zombie (D:3)
  A quokka skeleton (D:5)
  A quokka zombie (D:5)
  15 rats
  4 crawling corpses (Elf:3)
  A plant (Lair:6)
1024 creatures vanquished.

Vanquished Creatures (collateral kills)
  A deep elf sorcerer (Elf:3)
  A deep elf high priest (Elf:3)
2 creatures vanquished.

Vanquished Creatures (others)
  A deep elf knight (Elf:2)
  A dream sheep (Lair:5)
  3 humans (Lair:5)
  An orc priest (Orc:2)
  16 fungi
  36 plants
58 creatures vanquished.

Grand Total: 1084 creatures vanquished

Notes
Turn   | Place    | Note
-------+----------+-------------------------------------------
     0 | D:1      | quackenbush666 the Demonspawn Gladiator began the quest for
                  | the Orb.
     0 | D:1      | Reached XP level 1. HP: 16/16 MP: 1/1
   164 | D:1      | Gained mutation: You have sharp toenails. [demonic
                  | ancestry]
   164 | D:1      | Reached XP level 2. HP: 22/22 MP: 2/2
   973 | D:2      | Gained mutation: You have a pair of small antennae on your
                  | head. [demonic ancestry]
   973 | D:2      | Reached XP level 3. HP: 28/28 MP: 3/3
  1000 | D:2      | Found an ornate altar of the Wu Jian Council.
  1055 | D:2      | Found a stormy altar of Qazlal.
  1303 | D:2      | Reached skill level 1 in Stealth
  1515 | D:2      | Reached skill level 1 in Unarmed Combat
  1534 | D:2      | Reached XP level 4. HP: 34/34 MP: 4/4
  1638 | D:2      | Found a shadowy altar of Dithmenos.
  2680 | D:3      | Gained mutation: You have sharp fingernails. [demonic
                  | ancestry]
  2680 | D:3      | Reached XP level 5. HP: 29/41 MP: 5/5
  3499 | D:4      | Gained mutation: You have razor-sharp toenails. [demonic
                  | ancestry]
  3499 | D:4      | Reached XP level 6. HP: 46/47 MP: 6/6
  3787 | D:4      | Found a blossoming altar of Fedhas.
  3953 | D:4      | Noticed Robin
  3960 | D:4      | Killed Robin
  4072 | D:4      | Found a sparkling altar of Nemelex Xobeh.
  4367 | D:4      | Found a shimmering altar of Xom.
  4389 | D:4      | Gained mutation: You are partially covered in sharp spines.
                  | [demonic ancestry]
  4389 | D:4      | Reached XP level 7. HP: 32/54 MP: 7/7
  4633 | D:5      | Entered Level 5 of the Dungeon
  5011 | D:5      | Found Torulamp's Assorted Antiques.
  5024 | D:5      | Bought a scroll labelled HIXEGU YFIXOOH for 25 gold pieces
  5097 | D:5      | Noticed a moth of wrath
  5100 | D:5      | Found a bloodstained altar of Trog.
  5205 | D:5      | Found a broken altar of Ashenzari.
  5638 | D:5      | Found a shimmering blue altar of Sif Muna.
  6211 | D:6      | Found Yheqo's Magic Scroll Boutique.
  6219 | D:6      | Bought a scroll of identify for 30 gold pieces
  6219 | D:6      | Bought a scroll of identify for 30 gold pieces
  6219 | D:6      | Bought a scroll of identify for 30 gold pieces
  6219 | D:6      | Bought a scroll of identify for 30 gold pieces
  6231 | D:6      | Gained mutation: You sometimes gain a little power by
                  | taking damage. [demonic ancestry]
  6231 | D:6      | Reached XP level 8. HP: 54/61 MP: 8/8
  6239 | D:6      | Reached skill level 5 in Fighting
  6239 | D:6      | Reached skill level 5 in Dodging
  6802 | D:6      | Noticed Grinder
  7602 | D:7      | Reached skill level 5 in Throwing
  8320 | D:7      | Gained mutation: You sometimes gain power by taking damage.
                  | [demonic ancestry]
  8320 | D:7      | Reached XP level 9. HP: 49/69 MP: 9/9
  8324 | D:7      | Reached skill level 5 in Unarmed Combat
  8489 | D:7      | Found an iron altar of Okawaru.
  8962 | D:6      | Found a staircase to the Ecumenical Temple.
  9678 | D:6      | Paralysed by Grinder for 3 turns
  9686 | D:6      | Killed Grinder
 10450 | Temple   | Entered the Ecumenical Temple
 10504 | Temple   | Became a worshipper of Cheibriados the Contemplative
 10700 | D:8      | Reached skill level 1 in Evocations
 10700 | D:8      | Noticed Grum
 10728 | D:8      | Killed Grum
 10874 | D:8      | Found a glowing golden altar of the Shining One.
 10890 | D:8      | Noticed a two-headed ogre
 10980 | D:8      | Reached * piety under Cheibriados
 10981 | D:8      | Gained mutation: You are mostly covered in sharp spines.
                  | [demonic ancestry]
 10981 | D:8      | Reached XP level 10. HP: 71/79 MP: 10/10
 11044 | D:8      | Reached skill level 1 in Invocations
 11394 | D:8      | Killed a two-headed ogre
 12058 | D:9      | Noticed Pikel
 12065 | D:9      | Killed Pikel
 12266 | D:9      | Reached ** piety under Cheibriados
 12417 | D:9      | Found Luvag's Book Boutique.
 12475 | D:9      | Found Gimeus's Assorted Antiques.
 12487 | D:9      | Found Omiokh's Gadget Emporium.
 12862 | D:10     | Entered Level 10 of the Dungeon
 12889 | D:10     | Reached skill level 5 in Invocations
 13041 | D:10     | Found a staircase to the Lair.
 13099 | D:10     | Reached *** piety under Cheibriados
 13443 | D:10     | Gained mutation: You have a pair of antennae on your head.
                  | [demonic ancestry]
 13443 | D:10     | Reached XP level 11. HP: 86/87 MP: 15/15
 13540 | D:10     | Noticed a two-headed ogre
 13556 | D:10     | Killed a two-headed ogre
 14051 | D:10     | Noticed an orange crystal statue
 14054 | D:10     | Noticed a centaur warrior
 14679 | D:10     | Noticed Fannar
 14690 | D:10     | Killed Fannar
 14772 | D:10     | Found a staircase to the Orcish Mines.
 14792 | D:10     | Reached **** piety under Cheibriados
 15106 | D:11     | Noticed Erica
 15114 | D:11     | Killed Erica
 15188 | D:11     | Noticed an obsidian statue
 15986 | D:12     | Reached ***** piety under Cheibriados
 16081 | D:12     | Reached skill level 10 in Fighting
 16081 | D:12     | Reached XP level 12. HP: 41/97 MP: 18/18
 16147 | D:12     | Found a flagged portal.
 16155 | Bailey   | Entered a bailey
 16261 | Bailey   | Reached skill level 7 in Shields
 16261 | Bailey   | Reached XP level 13. HP: 103/103 MP: 19/19
 16456 | Bailey   | Identified a scroll of acquirement
 16456 | Bailey   | Acquired a manual of Shields
 16639 | D:12     | Reached skill level 8 in Shields
 16709 | D:12     | Reached skill level 5 in Evocations
 16786 | D:12     | Reached skill level 9 in Shields
 17487 | D:13     | Reached ****** piety under Cheibriados
 17675 | D:13     | Reached skill level 10 in Shields
 17704 | D:13     | Found Uklis's Book Shoppe.
 17898 | D:13     | You fall into a shaft and drop 2 floors!
 17898 | D:15     | Entered Level 15 of the Dungeon
 18064 | D:14     | HP: 1/104 [white ugly thing (12)]
 18069 | D:14     | Reached skill level 10 in Unarmed Combat
 18070 | D:14     | Reached skill level 11 in Shields
 18223 | D:14     | Reached XP level 14. HP: 73/111 MP: 16/20
 18355 | D:14     | Reached skill level 12 in Shields
 18759 | D:14     | You fall into a shaft and drop 1 floor!
 19419 | D:13     | You fall into a shaft and drop 2 floors!
 19436 | D:15     | Reached skill level 13 in Shields
 19785 | D:15     | Reached skill level 14 in Shields
 20802 | D:13     | Noticed Sonja
 20805 | D:13     | Killed Sonja
 21233 | D:13     | Bought a book of the Earth for 910 gold pieces
 21240 | D:13     | Learned a level 6 spell: Statue Form
 21378 | Orc:1    | Entered Level 1 of the Orcish Mines
 21539 | Orc:1    | You fall into a shaft and drop 1 floor!
 21539 | Orc:2    | Entered Level 2 of the Orcish Mines
 21547 | Orc:2    | Reached skill level 1 in Earth Magic
 21547 | Orc:2    | Gained mutation: You have claws for feet. [demonic
                  | ancestry]
 21547 | Orc:2    | Reached XP level 15. HP: 103/116 MP: 12/21
 21555 | Orc:2    | Reached skill level 1 in Spellcasting
 21555 | Orc:2    | Reached skill level 1 in Transmutations
 21571 | Orc:2    | Noticed an orc warlord
 21586 | Orc:2    | Killed an orc warlord
 21608 | Orc:2    | Found a dark tunnel.
 21617 | Volcano  | Entered a volcano
 21802 | Volcano  | Reached skill level 15 in Shields
 22060 | Orc:2    | Found a staircase to the Elven Halls.
 22513 | Orc:2    | Found Iwafol's Armour Emporium.
 22513 | Orc:2    | Found Tymow's Book Shop.
 22516 | Orc:2    | Found Raop's Gadget Emporium.
 22516 | Orc:2    | Found Bibb's Antique Weapon Shop.
 22530 | Orc:2    | Bought a book of Geomancy for 420 gold pieces
 22533 | Orc:2    | Learned a level 2 spell: Passwall
 22630 | Orc:1    | Found Quxeymeh's Assorted Antiques.
 22757 | Orc:1    | Found Tuefawk's Antique Armour Shop.
 23074 | Orc:1    | Got an ichor-stained hat
 23080 | Orc:1    | Identified the cursed +0 hat of the Lich-sworn {Regen+
                  | SInv} (You found it on level 1 of the Orcish Mines)
 23095 | Orc:1    | Learned a level 2 spell: Blink
 23330 | Lair:1   | Entered Level 1 of the Lair of Beasts
 23596 | Lair:1   | Found a runed translucent gate.
 23597 | Lair:1   | Found a runed translucent gate.
 23598 | Lair:1   | Found a runed translucent gate.
 23598 | Lair:1   | Noticed Hypnoxylon's ghost (journeyman HOHu)
 24086 | Lair:1   | Killed Hypnoxylon's ghost
 24896 | Lair:2   | Reached skill level 10 in Invocations
 25481 | Lair:3   | Reached skill level 1 in Translocations
 25747 | Lair:3   | Found a runed translucent door.
 25752 | Lair:3   | Noticed nothank2's ghost (journeyman GrFi)
 25818 | Lair:3   | Killed nothank2's ghost
 26110 | Lair:3   | Found a staircase to the Swamp.
 26118 | Lair:3   | Reached XP level 16. HP: 98/123 MP: 23/23
 26415 | Lair:4   | Found a hole to the Spider Nest.
 27053 | Lair:5   | Noticed Kirke
 27064 | Lair:5   | Killed Kirke
 27065 | Lair:5   | Reached skill level 5 in Stealth
 27076 | Lair:5   | Reached skill level 5 in Spellcasting
 27076 | Lair:5   | Reached skill level 5 in Transmutations
 27177 | Lair:5   | Found a staircase to the Slime Pits.
 27178 | Lair:5   | Found a viscous altar of Jiyva.
 27250 | Lair:5   | Reached skill level 5 in Earth Magic
 27816 | Lair:6   | Entered Level 6 of the Lair of Beasts
 28543 | Lair:6   | Found a runed translucent door.
 28545 | Lair:6   | Noticed Ekaitz's ghost (journeyman DrCj)
 29065 | Lair:6   | Killed Ekaitz's ghost
 29309 | Lair:6   | Identified the Disquisition on Lethal Combat Magic
 29727 | Orc:2    | Bought a +2 cloak of willpower for 279 gold pieces
 29792 | Elf:1    | Entered Level 1 of the Elven Halls
 30068 | Elf:1    | Identified the Disquisition on Unholy Rites
 30239 | Elf:1    | Found Baomyeta's Magic Scroll Shoppe.
 30243 | Elf:1    | Bought 2 scrolls of teleportation for 72 gold pieces
 30243 | Elf:1    | Bought a scroll of teleportation for 36 gold pieces
 30243 | Elf:1    | Bought a scroll of teleportation for 36 gold pieces
 30243 | Elf:1    | Bought a scroll of identify for 24 gold pieces
 30243 | Elf:1    | Bought a scroll of identify for 24 gold pieces
 30243 | Elf:1    | Bought a scroll of identify for 24 gold pieces
 30243 | Elf:1    | Bought 3 scrolls of identify for 72 gold pieces
 30844 | Elf:2    | Gained mutation: Armour fits poorly on your strangely
                  | shaped body. [a neqoxec]
 30846 | Elf:2    | Reached XP level 17. HP: 98/125 MP: 27/27
 30973 | Elf:2    | Found a runed translucent door.
 31003 | Elf:2    | Found a runed translucent door.
 31660 | D:9      | Bought a condenser vane for 680 gold pieces
 31836 | Elf:3    | Entered Level 3 of the Elven Halls
 32278 | Elf:3    | Found Vurphy Ehyn's Antique Armour Emporium.
 32434 | Elf:3    | Reached skill level 10 in Dodging
 32963 | Elf:3    | Noticed a deep elf blademaster
 32964 | Elf:3    | Noticed a deep elf blademaster
 32966 | Elf:3    | Killed a deep elf blademaster
 32968 | Elf:3    | Noticed a deep elf master archer
 32968 | Elf:3    | Killed a deep elf blademaster
 32971 | Elf:3    | Killed a deep elf master archer
 32972 | Elf:3    | HP: 5/170 [deep elf sorcerer/damnation (32)]
 33139 | Elf:3    | Identified the +2 ring mail of Huiz {rElec rCorr Slay+5}
 33139 | Elf:3    | Noticed a deep elf blademaster
 33147 | Elf:3    | Killed a deep elf blademaster
 33156 | Elf:3    | Noticed a deep elf master archer
 33158 | Elf:3    | Gained mutation: You have very sharp fingernails. [demonic
                  | ancestry]
 33158 | Elf:3    | Reached XP level 18. HP: 89/139 MP: 28/28
 33292 | Elf:3    | Identified the +6 falchion of the Apocalypse {antimagic,
                  | Fragile Will+ MP-9 Dex+8}
 33380 | Elf:3    | Identified the +8 great sword of Destruction {venom, +Blink
                  | rC++ Dex+5}
 33389 | Elf:3    | Identified the cursed +1 scythe of Fukhus Quhei {freeze,
                  | rC+ rN+ Will- Int+2}
 33483 | Elf:3    | Acquired 518 gold pieces
 33740 | Elf:3    | Found Sedol's Assorted Antiques.
 34198 | Swamp:1  | Entered Level 1 of the Swamp
 34217 | Swamp:1  | HP: 9/182 [goliath frog[a spriggan druid] (10)]
 34217 | Swamp:1  | Splashed by a goliath frog's acid

Illustrated notes

Levels and vault maps discovered:
D:1:      dpeg_arrival_short_road, layout_basic
D:2:      minmay_chambers_of_ones, layout_rooms, overflow_temple_1_default,
          lemuel_doored_altar, nicolae_dithmenos_through_a_glass_darkly
D:3:      layout_basic, chequers_serial_rivers_room_a, kennysheep_nondescript,
          serial_bayou_ford_a, corexii_shack
D:4:      layout_loops_ring, nemelex_xobeh_ov_fountains_minmay, led_xom_imps,
          fedhas_altar_2, uniq_robin
D:5:      layout_loops_corners, lemuel_crystal_altar, led_sif_book, tgw_trog,
          serial_shops, shop
D:6:      layout_basic, minmay_temple_entry_enclosed_plants,
          portal_sewer_entry_e, serial_corexii_hall, corexii_hall_statues_x,
          corexii_hall_statues_i, corexii_hall_statues_t, serial_shops,
          nicolae_shop_crystal, centaur_isle, uniq_grinder
D:7:      layout_loops_ring, kennysheep_okawaru_gauntlet
D:8:      layout_gridville, old_standard_altar, minmay_checkerbox, uniq_grum
D:9:      layout_irregular_city, serial_shops, nicolae_shop_crystal,
          shop_statue, kennysheep_mini_moat, uniq_pikel
D:10:     layout_basic, erik_lair_island, david_orc_1_choice, disabler_island,
          uniq_fannar
D:11:     layout_long_grid, minivault_16, serial_bayou_pond_b, uniq_erica
D:12:     layout_basic, enter_bailey_4
D:13:     layout_stronghold, grunt_vaults_entry_tiered, serial_shops,
          nicolae_shop_trees, onia_ninara_dug_in_and_dangerous, uniq_sonja
D:14:     layout_roguey [special_room_bee], hangedman_decor_points,
          portal_ice_cave_entry_animals_and_master
D:15:     gammafunk_enter_depths_forms, layout_small_grid,
          chequers_serial_rivers_room_b
Temple:   minmay_temple_bridge_abc
Lair:1:   layout_chaotic_city, serial_rivers, chequers_serial_rivers_room_a,
          chequers_serial_rivers_room_b, chequers_serial_rivers_small_a,
          chequers_serial_rivers_marsh, chequers_serial_rivers_micro_e,
          chequers_serial_rivers_micro_c, gammafunk_ghost_necromancy
Lair:2:   layout_roguey, grunt_megastairs_4, minmay_lair_oklob_chamber
Lair:3:   layout_small_grid, nicolae_swamp_entry_splash_gauntlet,
          ebering_ghost_reflecting_pool
Lair:4:   layout_loops_ring, dummy_spider_entry, cheibrodos_lair_reptile_den,
          serial_bayou_shore_b, lemuel_fruit_tree
Lair:5:   nzn_winding_woodlands_small [nzn_winding_woodlands_5x15_default,
          nzn_winding_woodlands_center_pierced_h,
          nzn_winding_woodlands_5x15_sidewinder], layout_regular_city,
          slime_altar_1, lemuel_fruit_fields, uniq_kirke
Lair:6:   due_jungle_book, layout_cave_pods, hellmonk_ghost_happy_afterlife,
          hangedman_lair_generics_rect
Swamp:1:  layout_falls_marsh, serial_swamp_ruin, evilmike_swamp_ruin_house_5,
          evilmike_swamp_ruin_house_2, evilmike_swamp_ruin_house_4, swamp_pool1,
          nicolae_swamp_godswood
Orc:1:    layout_diamond_mine, serial_shops, nicolae_shop_waterfront, shop,
          hangedman_minor_magic
Orc:2:    grunt_orc_tribal_feast, layout_diamond_mine,
          nicolae_volcano_entry_lava_flow
Elf:1:    eino_elf_arrival_customs, layout_geoelf_grid, serial_shops, shop,
          minmay_elf_necromancy
Elf:2:    layout_geoelf_grid, minivault_27
Elf:3:    minmay_elf_hall_furrowed, layout_loops_corners, serial_shops,
          nicolae_shop_stone, shop

Skill      XL: |  1  2  3  4  5  6  7  8  9 10 11 12 13 14 15 16 17 18 |
---------------+-------------------------------------------------------+-----
Throwing       | 2 3 4 5 6 |  6.2
Dodging        | 3 4 5 7 8 9 10 11 | 11.0
Stealth        | 1 2 4 5 |  5.0
Unarmed Combat | 1 2 3 4 6 7 8 10 11 12 | 12.9
Fighting       | 3 4 6 7 8 10 11 12 | 12.0
Evocations     | 2 3 4 6 9 |  9.0
Invocations    | 5 8 9 10 12 13 | 13.0
Shields        | 7 11 14 15 | 15.0
Earth Magic    | 1 4 7 8 9 |  9.1
Spellcasting   | 4 7 |  7.0
Transmutations | 4 7 8 9 |  9.2
Translocations | 1 2 |  2.0
Long Blades    | |  2.8

Action                   |  1- 3 |  4- 6 |  7- 9 | 10-12 | 13-15 | 16-18 || total
-------------------------+-------+-------+-------+-------+-------+-------++-------
Melee: Long sword        |    80 |    56 |     7 |       |       |       ||   143
       Kick              |    24 |    50 |    83 |   110 |   461 |   330 ||  1058
       Dagger            |       |   144 |    48 |       |       |       ||   192
       Unarmed           |       |       |   208 |   257 |   777 |   566 ||  1808
       Punch             |       |       |     6 |    14 |     3 |       ||    23
Throw: Throwing net      |       |     2 |     3 |       |       |       ||     5
       Dart              |       |       |    32 |    34 |    68 |    62 ||   196
       Javelin           |       |       |       |       |       |    14 ||    14
 Cast: Passwall          |       |       |       |       |     1 |       ||     1
       Statue Form       |       |       |       |       |       |    11 ||    11
Invok: Bend Time         |       |       |       |     1 |     3 |       ||     4
       Slouch            |       |       |       |       |    18 |     7 ||    25
Evoke: Wand              |       |       |     9 |    17 |    48 |     3 ||    77
       Phantom mirror    |       |       |       |       |       |     2 ||     2
       Condenser vane    |       |       |       |       |       |     1 ||     1
  Use: Scroll            |     1 |     3 |    14 |     9 |    16 |     4 ||    47
       Potion            |       |       |     5 |     3 |     6 |     1 ||    15
 Stab: Sleeping          |       |     5 |     3 |     3 |    11 |    13 ||    35
       Distracted        |       |     1 |       |     1 |     2 |       ||     4
       Held in net/web   |       |     1 |     3 |       |       |       ||     4
       Paralysed         |       |       |       |     2 |       |       ||     2
       Invisible         |       |       |       |       |     8 |       ||     8
Armor: Leather armour    |    17 |    37 |    34 |    12 |       |       ||   100
       Troll leather arm |       |       |       |    17 |    54 |    63 ||   134
       Robe              |       |       |       |       |     1 |       ||     1
       Skin              |       |       |       |       |       |    35 ||    35
Dodge: Dodged            |    65 |   101 |   177 |   268 |   334 |   307 ||  1252
Block: Kite shield       |       |       |       |       |   470 |   428 ||   898
       Rpst.: Long sword |    24 |    14 |     2 |       |       |       ||    40
